 Seeded DCSS version 0.32-a0-33-g74fbe469d6 (webtiles) character file.

Game seed: 9872065412798756122 (custom seed)

25550 timneilson the Grappler (level 13, -3/92 HPs)
             Began as an Octopode Shapeshifter on Jan 20, 2024.
             Was an Initiate of Gozag.
             Slain by a blink frog (6 damage)
             ... on level 2 of the Lair of Beasts.
             The game lasted 00:38:44 (17036 turns).

timneilson the Grappler (Octopode Shapeshifter)    Turns: 17036, Time: 00:38:45

Health: -3/92      AC:  2    Str: 23    XL:     13   Next: 20%
Magic:  13/13      EV: 21    Int: 18    God:    Gozag
Gold:   1222       SH:  5    Dex: 12    Spells: 12/12 levels left

rFire   + .          .
                       - Unarmed
rCold   + . .        (shield currently unavailable)
rNeg    . . .        s - +1 hat {Will+}
rPois   +            B - amulet of reflection
rElec   .            f - ring of Casuq {Str+6 Int+5}
rCorr   .            p - ring of see invisible
SInv    +            C - ring of Beogh's Regard {rPois Will+}
Will    ++...        D - ring of protection from fire
Stlth   ++           E - ring of protection from cold
HPRegen 0.35/turn    (no ring)
MPRegen 0.13/turn    (no ring)
                     (no ring)

%: reflection
@: about to teleport, flux-form, glowing, studying Unarmed Combat
A: glow, contaminating, almost no armour, amphibious, 8 rings, camouflage 1,
gelatinous body 1, (nimble swimmer 1), tentacles
a: Begin Untransformation, Renounce Religion, Potion Petition, Call Merchant,
Bribe Branch


You were on level 2 of the Lair of Beasts.
You worshipped Gozag.
Gozag was most pleased with you.
You were something dangerously unstable.
You visited 3 branches of the dungeon, and saw 15 of its levels.

You collected 4877 gold pieces.
You spent 1958 gold pieces at shops.
You paid 1697 gold pieces to Gozag.

Inventory:

Missiles
 x - 4 throwing nets (quivered)
Armour
 s - a +1 hat of willpower (worn)
Jewellery
 f - the ring of Casuq (left tentacle) {Str+6 Int+5}
   (You took it off a deep elf pyromancer on level 7 of the Dungeon)

   [ring of strength]

   Str+6:     It affects your strength (+6).
   Int+5:     It affects your intelligence (+5).
 p - a ring of see invisible (right tentacle)
 B - an amulet of reflection (around mantle)
 C - the ring of Beogh's Regard (on tentacle) {rPois Will+}
   (You bought it in a shop on level 8 of the Dungeon)

   [ring of willpower]

   rPois:     It protects you from poison Will+: It increases your willpower.
 D - a ring of protection from fire (on tentacle)
 E - a ring of protection from cold (on tentacle)
Talismans
 b - a beast talisman
 c - a flux talisman (active)
 o - a talisman of death
 y - a maw talisman
 J - a serpent talisman
 K - a dragon-blood talisman
Wands
 u - a wand of iceblast (10)
 v - a wand of paralysis (7)
 F - a wand of mindburst (4)
 G - a wand of acid (1)
 I - a wand of flame (9)
Scrolls
 e - 5 scrolls of revelation
 g - 2 scrolls of fear
 i - 2 scrolls of brand weapon
 k - 2 scrolls of poison
 l - a scroll of immolation
 m - a scroll of summoning
 q - a scroll of vulnerability
 r - 7 scrolls of teleportation
 t - 2 scrolls of amnesia
 w - 3 scrolls of identify
 L - a scroll of torment
 N - a scroll of enchant armour
 O - a scroll of blinking
 Q - 2 scrolls of fog
Potions
 a - a potion of lignification
 d - 3 potions of magic
 h - 2 potions of enlightenment
 j - 3 potions of mutation
 n - a potion of brilliance
 z - a potion of might
 A - 3 potions of invisibility
 M - a potion of resistance
 P - 2 potions of attraction


   Skills:
 * Level 10.2 Fighting
 * Level 10.3 Dodging
 + Level 10.0 Stealth
 * Level 13.4 Unarmed Combat
 + Level 6.5 Evocations
 * Level 9.8 Shapeshifting


You had 12 spell levels left.
You didn't know any spells.
Your spell library contained the following spells:

 Spells                   Type           Power      Damage    Failure   Level
 Call Imp                 Summ           0%         N/A       32%         2
 Ensorcelled Hibernation  Hex/Ice        0%         N/A       32%         2
 Sublimation of Blood     Necr           0%         N/A       32%         2
 Passwall                 Erth           0%         N/A       54%         3
 Swiftness                Air            0%         N/A       54%         3
 Summon Hydra             Summ           0%         N/A       100%        7


Dungeon Overview and Level Annotations

Branches:
Dungeon (12/15)            Temple (1/1) D:5            Lair (2/5) D:9
  Snake (0/4) Lair:2          Orc (0/2) D:12
  Swamp: Lair:2-3    Shoals: Lair:2-3

Altars:
Ashenzari
Cheibriados
Dithmenos
Elyvilon
Fedhas
Gozag
Hepliaklqana
Kikubaaqudgha
Makhleb
Nemelex Xobeh
Okawaru
Qazlal
Ru
Sif Muna
Trog
Uskayaw
Vehumet
Wu Jian
Xom
Yredelemnul
Zin
The Shining One

Shops:
D:1 :   D:6 ?   D:8 =   D:9 *   Lair:2 ?

Annotations:
D:4 1 runed translucent door
D:10 1 runed translucent door, waq's ghost, journeyman MfMo
Temple 2 transporters


Innate Abilities, Weirdness & Mutations

You are something dangerously unstable.
You glow with magical radiation, making you easy to see and hit.
Foes you strike become dangerously contaminated with magical radiation.
You are incapable of wielding weapons or throwing items.
You cannot wear most types of armour.
You are amphibious.
You can wear up to eight rings at the same time.
Your skin changes colour to match your surroundings (Stealth+).
Your rubbery body absorbs attacks. (AC +1, EV +1)
((You are camouflaged when in or above water. (Stealth+)))
You have tentacles for arms and can constrict up to eight enemies at once.


Message History

You tentacle-slap the blink frog.
The blink frog glows dangerously bright.
Your grab misses the blink frog. Your squeeze misses the blink frog.
The blink frog is heavily wounded.
You feel sick.
You are no longer poisoned.
The blink frog blinks!
The blink frog blinks!
You miss the blink frog. Your grab misses the blink frog.
The blink frog is moderately wounded.
The blink frog completely misses you.
You closely miss the blink frog. Your grab misses the blink frog.
Your squeeze misses the blink frog.
The blink frog is moderately wounded.
The blink frog hits you!
* * * LOW HITPOINT WARNING * * *
The blink frog blinks! x2
You bludgeon the blink frog!
The blink frog begins to glow.
Your grab misses the blink frog.
The blink frog is heavily wounded.
The blink frog stops glowing.
The blink frog misses you.
You barely miss the blink frog. Your grab misses the blink frog.
The blink frog is heavily wounded.
The blink frog completely misses you.
The blink frog blinks!
You feel better.
A hornet comes into view.
The blink frog barely misses you. The blink frog hits you!
* * * LOW HITPOINT WARNING * * *
The hornet moves out of view.
Okay, then.
As you read the scroll of teleportation, it crumbles to dust.
You feel strangely unstable.
The blink frog blinks!
You barely miss the blink frog. You grab the blink frog.
You squeeze the blink frog.
The blink frog is lightly wounded.
You constrict the blink frog. The blink frog hits you!
* * * LOW HITPOINT WARNING * * *
The blink frog hits you.
You die...
Your body crumbles into a pile of gold.

♣.......P##...
♣..#...####...P#
#P.## ###.##
##..# ## #.>###
♣.♣####..#.#
♣.........#
.......F..#...P
..P#####p## ###
.P #F### #F#F.#
##.F.# #.....P#
#..##..# #F...
...# ...... ###
..F....


You could see 5 blink frogs.

Vanquished Creatures
  Gastronok (D:10)
  Fannar (D:10)
  A hydra (Lair:2)
  A two-headed ogre (D:12)
  Nergalle (Lair:2)
  A lindwurm (Lair:2)
  3 deep elf pyromancers
  A cyclops (D:12)
  An ugly thing (D:12)
  2 elephants (Lair:2)
  5 cane toads
  A rime drake (Lair:2)
  3 unseen horrors
  2 komodo dragons
  A kobold demonologist (D:11)
  A troll (D:12)
  2 polar bears (Lair:2)
  4 blink frogs (Lair:1)
  The ghost of hgbash the Trooper, an amateur GrFi (D:4)
  Sigmund (D:3)
  2 shadows (D:10)
  2 wraiths
  3 wyverns
  31 yaks
  The ghost of olddryhag the Ruffian, an amateur AtMo (D:3)
  2 basilisks (Lair:1)
  Grum (D:11)
  A steam dragon (D:7)
  7 vampire mosquitoes
  3 acid dragons
  12 water moccasins
  2 orc warriors
  3 ice beasts
  2 ogres
  6 black bears
  2 sky beasts
  2 wolves (D:11)
  11 centaurs
  2 kobold brigands
  Blork the orc (D:4)
  9 bullfrogs
  A gnoll sergeant (D:9)
  2 scorpions
  6 wights
  8 killer bees
  6 howler monkeys
  2 bombardier beetles
  7 hounds
  A gnoll bouda (D:9)
  4 orc priests
  4 jellies
  3 sleepcaps
  6 iguanas
  2 orc wizards
  2 hound zombies (D:5)
  16 gnolls
  10 adders
  A white imp (D:6)
  2 ufetubi (D:6)
  A dart slug (D:4)
  2 ribbon worms
  21 orcs
  A bat (D:1)
  10 endoplasms
  2 giant cockroaches
  6 goblins
  10 hobgoblins
  2 jackals (D:9)
  A quokka (D:4)
  2 ball pythons
  2 frilled lizards (D:1)
  18 kobolds
  4 rats
304 creatures vanquished.

Vanquished Creatures (others)
  A centaur (D:11)
1 creature vanquished.

Grand Total: 305 creatures vanquished

Notes
Turn   | Place    | Note
-------+----------+-------------------------------------------
     0 | D:1      | timneilson the Octopode Shapeshifter began the quest for
                  | the Orb.
     0 | D:1      | Reached XP level 1. HP: 13/13 MP: 1/1
   245 | D:1      | Found Logiotz's Book Emporium.
   312 | D:1      | Reached XP level 2. HP: 18/18 MP: 2/2
  1219 | D:2      | Reached XP level 3. HP: 23/23 MP: 3/3
  1379 | D:2      | Reached skill level 1 in Stealth
  1705 | D:2      | Found a faded altar of an unknown god.
  1955 | D:3      | Found a runed translucent gate.
  1957 | D:3      | Found a runed translucent gate.
  1958 | D:3      | Found a runed translucent gate.
  1958 | D:3      | Identified the +2 leather armour of Nubi {rElec Regen+}
  1958 | D:3      | Noticed olddryhag's ghost (amateur AtMo)
  1968 | D:3      | Found a sparkling altar of Nemelex Xobeh.
  1969 | D:3      | Found an opulent altar of Gozag.
  1974 | D:3      | Became a worshipper of Gozag Ym Sagoz the Greedy
  2078 | D:3      | Found a shadowy altar of Dithmenos.
  2080 | D:3      | Found a shimmering altar of Xom.
  2272 | D:3      | Noticed Sigmund
  2299 | D:3      | Killed Sigmund
  2300 | D:3      | Reached skill level 4 in Unarmed Combat
  2300 | D:3      | Reached XP level 4. HP: 23/30 MP: 2/4
  2300 | D:3      | Reached XP level 5. HP: 27/35 MP: 2/5
  2300 | D:3      | Reached XP level 6. HP: 32/41 MP: 2/6
  2738 | D:4      | Noticed a black bear
  2746 | D:4      | Killed a black bear
  2990 | D:4      | Found a snail-covered altar of Cheibriados.
  3105 | D:4      | Found a runed translucent door.
  3127 | D:4      | Found a runed translucent door.
  3128 | D:4      | Noticed hgbash's ghost (amateur GrFi)
  3388 | D:4      | Reached XP level 7. HP: 15/46 MP: 3/7
  3691 | D:4      | Noticed Blork the orc
  3700 | D:4      | Killed Blork the orc
  4028 | D:5      | Entered Level 5 of the Dungeon
  4044 | D:5      | Reached skill level 5 in Unarmed Combat
  4061 | D:5      | Reached XP level 8. HP: 46/54 MP: 6/8
  4083 | D:5      | Found a staircase to the Ecumenical Temple.
  4093 | Temple   | Found a transporter.
  4093 | Temple   | Found a transporter.
  4093 | Temple   | Found a transporter.
  4093 | Temple   | Found a transporter.
  4093 | Temple   | Entered the Ecumenical Temple
  4209 | D:5      | Reached skill level 5 in Shapeshifting
  4423 | D:5      | Reached skill level 5 in Dodging
  4538 | D:5      | Found a basalt altar of Yredelemnul.
  4759 | D:5      | Found a hide-covered altar of Uskayaw.
  4816 | D:5      | Identified a scroll of acquirement
  4816 | D:5      | Acquired a +1 hat of willpower
  4970 | D:6      | Reached skill level 5 in Fighting
  4981 | D:6      | Reached skill level 5 in Stealth
  5048 | D:6      | Reached skill level 6 in Unarmed Combat
  5223 | D:6      | Reached XP level 9. HP: 61/61 MP: 9/9
  5669 | D:6      | Reached skill level 1 in Evocations
  6214 | D:6      | Acquired a manual of Unarmed Combat
  6216 | D:6      | Acquired 473 gold pieces
  6218 | D:6      | Acquired 1048 gold pieces
  6224 | D:6      | Bought a scroll of teleportation for 48 gold pieces
  6224 | D:6      | Bought a scroll of summoning for 152 gold pieces
  6224 | D:6      | Bought a scroll of identify for 32 gold pieces
  6224 | D:6      | Bought a scroll of identify for 32 gold pieces
  6224 | D:6      | Bought a scroll of identify for 32 gold pieces
  6224 | D:6      | Bought a scroll of identify for 32 gold pieces
  6611 | D:7      | Found an ornate altar of the Wu Jian Council.
  6840 | D:7      | Noticed a deep elf pyromancer
  6871 | D:7      | Reached skill level 7 in Unarmed Combat
  6880 | D:7      | HP: 3/62 [centaur (7)]
  7073 | D:7      | Identified the ring of Casuq {Str+6 Int+5}
  7274 | D:7      | Killed a deep elf pyromancer
  7275 | D:7      | Reached skill level 8 in Unarmed Combat
  7275 | D:7      | Reached XP level 10. HP: 41/69 MP: 6/10
  8289 | D:8      | Found Udeps's Jewellery Shoppe.
  8304 | D:8      | Bought an amulet of reflection for 390 gold pieces
  8304 | D:8      | Bought the ring of Beogh's Regard {rPois Will+} for 470
                  | gold pieces
  8304 | D:8      | Bought a ring of protection from fire for 325 gold pieces
  8304 | D:8      | Bought a ring of protection from cold for 325 gold pieces
  8417 | D:8      | Found a bloodstained altar of Trog.
  9346 | D:9      | Found a staircase to the Lair.
  9360 | D:9      | Found Xajeloir's Assorted Antiques.
  9649 | D:10     | Entered Level 10 of the Dungeon
  9652 | D:10     | Found a runed translucent door.
  9666 | D:10     | Noticed waq's ghost (journeyman MfMo)
  9844 | D:3      | Killed olddryhag's ghost
  9935 | D:4      | Killed hgbash's ghost
  9936 | D:4      | Reached skill level 9 in Unarmed Combat
 10300 | D:10     | Noticed an unseen horror
 10305 | D:10     | Killed an unseen horror
 10398 | D:10     | Noticed an unseen horror
 10417 | D:10     | Killed an unseen horror
 10527 | D:10     | Reached XP level 11. HP: 61/75 MP: 11/11
 10644 | D:10     | Reached skill level 10 in Unarmed Combat
 10796 | D:10     | Noticed Gastronok
 10825 | D:10     | Killed Gastronok
 11004 | D:10     | Noticed Fannar
 11013 | D:10     | Killed Fannar
 11473 | D:11     | Noticed Grum
 11503 | D:11     | Killed Grum
 11681 | D:11     | Identified the +0 chain mail of the Other Side {Fly rF+
                  | Int+4}
 12526 | D:11     | Reached skill level 11 in Unarmed Combat
 12690 | D:12     | Noticed a deep elf pyromancer
 12694 | D:12     | Killed a deep elf pyromancer
 12757 | D:12     | Reached skill level 5 in Evocations
 12873 | D:12     | Found a staircase to the Orcish Mines.
 12886 | D:12     | Noticed a purple ugly thing
 12910 | D:12     | Killed a green ugly thing
 12975 | D:12     | Noticed a deep elf pyromancer
 12979 | D:12     | Killed a deep elf pyromancer
 12980 | D:12     | Reached XP level 12. HP: 84/84 MP: 12/12
 12986 | D:12     | Noticed a two-headed ogre
 12994 | D:12     | Killed a two-headed ogre
 13895 | Lair:1   | Entered Level 1 of the Lair of Beasts
 14244 | Lair:1   | Reached skill level 12 in Unarmed Combat
 15530 | Lair:1   | Found the +8 whip "Snakebite" {venom, curare, rPois}
 15686 | Lair:1   | Reached skill level 10 in Dodging
 15981 | Lair:2   | Bought a scroll of fog for 60 gold pieces
 15981 | Lair:2   | Bought a scroll of fog for 60 gold pieces
 15997 | Lair:2   | Reached skill level 13 in Unarmed Combat
 16114 | Lair:2   | Reached XP level 13. HP: 33/92 MP: 13/13
 16470 | Lair:2   | Reached skill level 10 in Fighting
 16579 | Lair:2   | Found a staircase to the Snake Pit.
 16870 | Lair:2   | Noticed Nergalle
 16878 | Lair:2   | Killed Nergalle
 16879 | Lair:2   | Reached skill level 10 in Stealth
 17036 | Lair:2   | HP: 3/92 [blink frog (15)]
 17036 | Lair:2   | Slain by a blink frog

Illustrated notes

Levels and vault maps discovered:
D:1:      dpeg_arrival_stone_temple_mockup, layout_loops_corners, serial_shops,
          shop, minmay_split_cup_large
D:2:      layout_basic, chequers_ecumenical_altar_grove, chequers_jeans
D:3:      cheibrodos_thug_alley, layout_rooms, grunt_temple_overflow_opulence,
          grunt_temple_overflow_open, biasface_ghost_orc_armoury, uniq_sigmund
D:4:      minmay_razor_zed, layout_gridville, cheibriados_altar_1,
          ebering_ghost_sewer_f, serial_bayou, serial_bayou_pond_d,
          serial_bayou_shore_b, serial_bayou_pond_a, serial_bayou_shore_b,
          uniq_blork_the_orc
D:5:      layout_rooms, lemuel_doored_altar, lemuel_zombie_altar_yredelemnul,
          minmay_temple_entry_overgrown, nicolae_underground_beach
D:6:      layout_basic
D:7:      minmay_clustersquares, layout_loops_cross,
          mainiacjoe_overflow_catwalk, kennysheep_windowed_goal
D:8:      layout_loops_ring, general_overflow_altar, serial_shops,
          nicolae_diamond_shop
D:9:      layout_cave_pools, lair_entry_dummy, serial_gnoll_camp,
          gnoll_camp_mini_shop, gnoll_camp_medium_02, gnoll_camp_mini_hut,
          gnoll_camp_mini_hut
D:10:     layout_irregular_city, hellmonk_ghost_big_iron,
          minmay_gold_behind_fungi, uniq_fannar, uniq_gastronok
D:11:     layout_loops_ring, uniq_grum
D:12:     layout_grid_maze, orc_0_dummy
Temple:   hellmonk_temple_divided_pantheon
Lair:1:   minmay_guarded_unrand_snakebite, layout_cave_pods,
          beast_lair_carwin_10, grunt_megastairs_1
Lair:2:   layout_layer_cave, mainiacjoe_swamp_entry_angry_trees,
          dummy_snake_entry, uniq_nergalle

Skill      XL: |  1  2  3  4  5  6  7  8  9 10 11 12 13 |
---------------+----------------------------------------+-----
Stealth        | 2 3 5 6 7 8 9 10 | 10.0
Fighting       | 2 3 4 5 6 7 8 9 10 | 10.2
Dodging        | 3 4 5 6 7 9 10 | 10.3
Unarmed Combat | 4 5 6 8 9 11 13 | 13.4
Shapeshifting  | 4 5 6 7 8 9 |  9.8
Evocations     | 2 4 5 6 |  6.5

Action                     |  1- 3 |  4- 6 |  7- 9 | 10-12 | 13-15 || total
---------------------------+-------+-------+-------+-------+-------++-------
  Melee: Unarmed           |    65 |    40 |   217 |   551 |    59 ||   932
         Tentacles         |    19 |    13 |    51 |   167 |    20 ||   270
         Constrict         |    12 |     9 |    47 |    94 |     7 ||   169
         Punch             |     2 |       |    16 |     9 |       ||    27
 Invoke: Call Merchant     |       |       |     1 |     1 |       ||     2
  Evoke: Wand              |       |       |       |     3 |       ||     3
    Use: Scroll            |    11 |     3 |     9 |     9 |     1 ||    33
         Potion            |     1 |       |     7 |     1 |     1 ||    10
   Stab: Sleeping          |     6 |     3 |    12 |    15 |       ||    36
         Invisible         |     1 |       |     6 |       |       ||     7
         Distracted        |       |       |     1 |     5 |       ||     6
 Armour: Skin              |    18 |    11 |   116 |   199 |    24 ||   368
  Dodge: Dodged            |    30 |    19 |   136 |   333 |    44 ||   562
  Block: Other             |       |       |       |    83 |     9 ||    92
         Reflection        |       |       |       |     6 |     1 ||     7
   Form: Flux              |       |       |       |     1 |       ||     1

Table legend: (Time is in decaauts)
 A = Elapsed time spent in this place.
 B = Non-inter-level travel time spent in this place.
 C = Inter-level travel time spent in this place.
 D = Time resting spent in this place.
 E = Time spent auto-exploring this place.
 F = Levels seen in this place.
 G = Mean time per level.
                   A        B        C        D        E       F      G
               +--------+--------+--------+--------+--------+-----+--------+
         Total |  16898 |  16130 |    768 |   3171 |   8576 |  15 | 1126.5 |
       Dungeon |  13822 |  13088 |    734 |   2254 |   7391 |  12 | 1151.8 |
        Temple |      1 |      1 |      0 |      0 |      0 |   1 |    1.0 |
          Lair |   3074 |   3040 |     34 |    917 |   1185 |   2 | 1537.0 |
               +--------+--------+--------+--------+--------+-----+--------+

Top non-repeatable levels by time:
  Lair:1: 1923 daAuts
     D:7: 1432 daAuts
     D:9: 1368 daAuts
     D:4: 1355 daAuts
     D:6: 1316 daAuts
    D:10: 1283 daAuts
    D:11: 1230 daAuts
    D:12: 1211 daAuts
  Lair:2: 1151 daAuts
     D:1: 968 daAuts
     D:2: 962 daAuts
     D:5: 916 daAuts
     D:3: 898 daAuts
     D:8: 878 daAuts
  Temple: 1 daAuts
